 Dungeon Crawl Stone Soup version 0.30-a0-4-ga7cffc901d (webtiles) character file.

Game seed: 3767462360774411213

65 Spectrina the Magician (level 4, -3/32 HPs)
             Began as a Djinni Venom Mage on Aug 22, 2022.
             Slain by Natasha (5 damage)
             ... on level 2 of the Dungeon.
             The game lasted 00:07:53 (824 turns).

Spectrina the Magician (Djinni Venom Mage)           Turns: 824, Time: 00:07:53

Health: -3/32      AC:  2    Str:  7    XL:     4   Next: 35%
Gold:   55         EV: 12    Int: 19    God:
                   SH:  0    Dex: 13

rFire   + + .      SeeInvis .    (no weapon)
rCold   x . .      Faith    .    (no shield)
rNeg    . . .      Spirit   .    a - +0 robe
rPois   ∞          Reflect  .    (no helmet)
rElec   .          Harm     .    (no cloak)
rCorr   .          Rampage  .    (no gloves)
Will    .....                    (boots unavailable)
Stlth   ++........               (no amulet)
HPRegen 0.10/turn                (no ring)
MPRegen 0.00/turn                (no ring)

@: mighty, attractive, flying
A: sickness immunity, fire resistance 2, cold vulnerability 1, float, innate
caster, HP casting, extra vitality 1
a: no special abilities


You were on level 2 of the Dungeon.
You visited 1 branch of the dungeon, and saw 4 of its levels.

You collected 55 gold pieces.

Inventory:

Armour
 a - a +0 robe (worn)
Scrolls
 b - a scroll of fog {unknown}
 c - a scroll of teleportation {unknown}
 d - a scroll of immolation {unknown}
 i - a scroll of enchant armour {unknown}
 j - a scroll of identify {unknown}
Potions
 f - a potion of magic {unknown}
 g - a potion of attraction
 h - a potion of brilliance {unknown}


   Skills:
 + Level 1.1 Fighting
 + Level 2.7 Dodging
 + Level 2.0 Stealth
 * Level 3.0 Spellcasting
 + Level 1.2 Invocations


You couldn't memorise any spells.
You knew the following spells:

 Your Spells              Type           Power      Damage    Failure   Level
a - Sting                 Tmut/Pois      56%        1d5       4%          1
l - Mephitic Cloud        Conj/Pois/Air  14%        N/A       13%         3
p - Summon Small Mammal   Summ           56%        N/A       4%          1
q - Poisonous Vapours     Pois/Air       28%        N/A       7%          2
w - Olgreb's Toxic Radia  Pois           14%        N/A       41%         4
Your spell library was empty.

Dungeon Overview and Level Annotations

Branches:
Dungeon (4/15)
 Temple: D:4-7

Altars:

Annotations:
D:2 Natasha
D:3 1 runed translucent door, Crazy Yiuf


Innate Abilities, Weirdness & Mutations

You are immune to sickness and miasma.
You are immune to poison.
Your flesh is very heat resistant. (rF++)
You are vulnerable to cold. (rC-)
You float through the air rather than walking.
You learn spells naturally, not from books.
Your magical power is your life essence.
You have superior vitality. (+4 MHP)


Message History

The ufetubus closely misses you.
Your bat barely misses the ufetubus.
The ufetubus hits you.
* * * LOW HITPOINT WARNING * * *
The ufetubus barely misses you.
Your bat hits the ufetubus.
Your bat closely misses the ufetubus.
The ufetubus barely misses you. x2
There is a shaft here.
Your bat closely misses the ufetubus.
The ufetubus falls through a shaft!
The shaft crumbles and collapses.
There is a stone staircase leading up here.
You fly upwards.
Level annotation: 1 runed translucent door, Crazy Yiuf
There is a stone staircase leading down here.
An adder comes into view.
Found an escape hatch in the ceiling.
Unknown command.
There is an escape hatch in the ceiling here.
A mysterious force pulls you upwards. The hatch slams shut behind you.
Found a scroll labelled GETYD YPNEDOGERGH.
j - a scroll labelled GETYD YPNEDOGERGH Natasha, Servant of Life and Death comes into view.
It was a potion of might.
You feel very mighty all of a sudden. Natasha closely misses you.
Unknown command.
Okay, then.
You barely miss Natasha. Natasha claws you.
You hit Natasha.
Natasha is moderately wounded.
Natasha barely misses you.
Casting: Summon Small Mammal (safe; 4% risk of failure)
Confirm with . or Enter, or press ? or * to list all spells.
* * * LOW HITPOINT WARNING * * *
Natasha claws you!
* * * LOW HITPOINT WARNING * * *
Unknown command.
It was a potion of attraction.
You feel attractive to monsters. Natasha claws you.
You die...

#.# #.#######. #.
.. #......##. #.
..#.##......##.#
#.#.......<........
#...##.###.....####
#..# # #.....####
#..###.# #######...
#.rh...# #... #@#
#.## #.##### #.##
#.#...# #.##
#.....#########.##
###...#....>..#...
#.##.##....†...
.......##.####
##.### #.# # # #.#


You could see Natasha (ally target) and a friendly rat (summoned).

Vanquished Creatures
  A hound (D:4)
  2 adders (D:3)
  A dart slug (D:1)
  2 bats (D:1)
  2 endoplasms
  2 giant cockroaches (D:1)
  3 goblins
  2 hobgoblins (D:1)
  A frilled lizard (D:1)
  A rat (D:2)
17 creatures vanquished.

Vanquished Creatures (others)
  A fungus (D:3)
1 creature vanquished.

Grand Total: 18 creatures vanquished

Notes
Turn   | Place    | Note
-------+----------+-------------------------------------------
     0 | D:1      | Spectrina the Djinni Venom Mage began the quest for the
                  | Orb.
     0 | D:1      | Spectrina set off with the following spells memorised:
                  | Sting, Poisonous Vapours, Mephitic Cloud, Olgreb's Toxic
                  | Radiance.
     0 | D:1      | Reached XP level 1. HP: 15/15 MP: 0/0
   259 | D:1      | Reached XP level 2. HP: 20/21 MP: 0/0
   374 | D:1      | Found a faded altar of an unknown god.
   474 | D:3      | Reached XP level 3. HP: 6/26 MP: 0/0
   474 | D:3      | Learned a level 1 spell: Summon Small Mammal
   522 | D:3      | Found a runed translucent door.
   523 | D:3      | Noticed Crazy Yiuf
   744 | D:4      | Reached skill level 1 in Fighting
   744 | D:4      | Reached skill level 3 in Spellcasting
   744 | D:4      | Reached skill level 1 in Invocations
   744 | D:4      | Reached XP level 4. HP: 9/32 MP: 0/0
   819 | D:2      | Noticed Natasha
   824 | D:2      | Slain by Natasha

Illustrated notes

Levels and vault maps discovered:
D:1:      dpeg_arrival_round_a, layout_loops_corners,
          hellmonk_ecumenical_altar_zigzags
D:2:      layout_loops_cross, uniq_natasha
D:3:      layout_loops_ring, nicolae_overflow_hidden_temple,
          kennysheep_generic_room_11, uniq_crazy_yiuf_cottage
D:4:      layout_basic, lemuel_tele_altar, uniq_edmund

Skill      XL: |  1  2  3 |
---------------+----------+-----
Fighting       | 1 |  1.1
Stealth        | 2 |  2.0
Spellcasting   | 3 |  3.0
Invocations    | 1 |  1.2
Dodging        | |  2.7

Action                   |  1- 3 |  4- 6 || total
-------------------------+-------+-------++-------
Melee: Unarmed           |    13 |     2 ||    15
 Cast: Sting             |    31 |       ||    31
       Summon Small Mamm |     6 |     2 ||     8
       Poisonous Vapours |     1 |       ||     1
  Use: Potion            |       |     2 ||     2
Armor: Robe              |     4 |       ||     4
Dodge: Dodged            |    22 |     7 ||    29

Table legend: (Time is in decaauts)
 A = Elapsed time spent in this place.
 B = Non-inter-level travel time spent in this place.
 C = Inter-level travel time spent in this place.
 D = Time resting spent in this place.
 E = Time spent auto-exploring this place.
 F = Levels seen in this place.
 G = Mean time per level.
                   A        B        C        D        E       F      G
               +--------+--------+--------+--------+--------+-----+--------+
         Total |    824 |    819 |      5 |      0 |      0 |   4 |  206.0 |
       Dungeon |    824 |    819 |      5 |      0 |      0 |   4 |  206.0 |
               +--------+--------+--------+--------+--------+-----+--------+

Top non-repeatable levels by time:
     D:1: 379 daAuts
     D:3: 313 daAuts
     D:2: 76 daAuts
     D:4: 54 daAuts
